 Dungeon Crawl Stone Soup version 0.29-a0-557-g43b9904bd1 (webtiles) character file.

Game seed: 6801185745361459446

287 Miritol the Bolt Thrower (level 6, -1/35 HPs)
             Began as a Tengu Hunter on June 8, 2022.
             Was an Initiate of Okawaru.
             Killed by nerve-wracking pain
             ... invoked by an orc priest
              (4 damage)
             ... on level 5 of the Dungeon.
             The game lasted 00:06:37 (4474 turns).

Miritol the Bolt Thrower (Tengu Hunter)             Turns: 4474, Time: 00:06:37

Health: -1/35      AC:  3    Str: 13    XL:     6   Next: 30%
Magic:  7/7        EV: 14    Int: 10    God:    Okawaru [......]
Gold:   255        SH:  0    Dex: 17    Spells: 5/5 levels left

rFire   + . .      SeeInvis .   b - +1 short sword (venom)
rCold   . . .      Faith    .   (no shield)
rNeg    . . .      Spirit   .   w - +0 leather armour {rF+}
rPois   .          Reflect  .   (helmet restricted)
rElec   .          Harm     .   (no cloak)
rCorr   .          Rampage  .   (no gloves)
Will    .....                   (boots unavailable)
Stlth   ++........              (no amulet)
HPRegen 0.11/turn               (no ring)
MPRegen 0.10/turn               (no ring)

@: flying quickly and evasively, quick
A: beak, talons 3, nimble flight
a: Renounce Religion


You were on level 5 of the Dungeon.
You worshipped Okawaru.
Okawaru was noncommittal.
You visited 1 branch of the dungeon, and saw 5 of its levels.

You collected 255 gold pieces.

Inventory:

Hand Weapons
 a - a +1 hand crossbow
 b - a +1 short sword of venom (weapon)
 s - a +3 falchion
Missiles
 k - 9 poisoned darts
Armour
 u - a +0 ring mail
 w - a +0 leather armour of fire resistance (worn)
Jewellery
 r - a ring of magical power
 v - a +4 ring of evasion
Scrolls
 c - 2 scrolls of immolation
 d - a scroll of teleportation
 e - a scroll of noise {unknown}
 f - 2 scrolls of fog {unknown}
 h - 7 scrolls of identify {unknown}
 i - 2 scrolls of enchant armour {unknown}
 j - 2 scrolls of poison {unknown}
 l - 2 scrolls of amnesia {unknown}
 m - a scroll of acquirement {unknown}
 n - 3 scrolls of magic mapping {unknown}
 x - a scroll of fear {unknown}
Potions
 g - 2 potions of degeneration {unknown}
 o - 2 potions of flight {unknown}
 p - 3 potions of curing {unknown}
 q - a potion of brilliance {unknown}
 t - a potion of ambrosia {unknown}


   Skills:
 - Level 2.0 Fighting
 + Level 6.5 Crossbows
 - Level 4.5 Armour
 + Level 2.1 Dodging
 - Level 1.0 Stealth


You had 5 spell levels left.
You didn't know any spells.
Your spell library contained the following spells:

 Spells                   Type           Power      Damage    Failure   Level
 Sting                    Tmut/Pois      0%         1d3       43%         1
 Poisonous Vapours        Pois/Air       0%         N/A       56%         2
 Dazzling Flash           Conj/Hex       0%         N/A       80%         3
 Inner Flame              Hex/Fire       0%         N/A       80%         3
 Cause Fear               Hex            0%         N/A       99%         4
 Olgreb's Toxic Radiance  Pois           0%         N/A       99%         4
 Agony                    Necr           0%         N/A       100%        5
 Silence                  Hex/Air        0%         N/A       100%        5
 Discord                  Hex            0%         N/A       100%        8


Dungeon Overview and Level Annotations

Branches:
Dungeon (5/15)
 Temple: D:4-7

Altars:
Cheibriados
Gozag
Okawaru

Shops:
D:2 =

Annotations:
D:3 3 runed translucent doors, Grinder; kMk's ghost, amateur OgNe


Innate Abilities, Weirdness & Mutations

You have a beak for a mouth.
You have claws for feet.
Your magical nature lets you fly swiftly and evasively.


Message History

There is an open door here.
An orc priest comes into view.
It is wielding a +1 flail of protection.
An orc comes into view. It is wielding a +0 hand axe.
You see here 7 gold pieces.
The orc priest invokes the aid of Beogh against you.
Beogh smites you!
There is an open door here.
Which direction?
As you close the door, it creaks loudly!
You hear a shout! x2
Your +1 short sword of venom begins to drip with poison!
b - a +1 short sword of venom (weapon)
You start resting.
An orc opens the door.
It is wielding a +0 hand axe.
The orc moves out of view.
There is an open door here.
You reach down and close the door.
An orc opens the door.
The orc hits you with a +0 hand axe!
There is an open door, spattered with blood here.
You hit the orc.
The orc is poisoned.
You claw the orc, but do no damage. You peck the orc, but do no damage.
The orc is lightly wounded.
The orc closely misses you.
You hit the orc priest but do no damage.
The orc priest is poisoned.
The orc closely misses you.
The orc priest calls down the wrath of Beogh upon you.
Beogh smites you!
* * * LOW HITPOINT WARNING * * *
You closely miss the orc priest. The orc barely misses you.
The orc priest looks encouraged for a moment.
You hit the orc priest but do no damage.
The orc priest looks as sick as possible!
You claw the orc priest.
You peck the orc priest, but do no damage.
The orc priest is heavily wounded.
The orc barely misses you.
The orc priest mumbles some strange prayers to Beogh against you.
Pain shoots through your body!
You die...

#....####+######...##
....................#
)..................#
.... ............ #..
#...# ...#
##..###...##.o.####
#....#....'$.......
+....'..oo#........
##...####@##.......
###...###..# ########
#### #......#...#
#.###..##
#......#...#
#..).....
#......#...#
#........
##....###.##
#..###.## ########.##
###..###.## #....#
#..(..#.... #....#
#.....#....


You could see an orc priest (extremely poisoned) and an orc (very poisoned).

Vanquished Creatures
  A howler monkey (D:4)
  2 orc priests
  An iguana (D:4)
  An orc wizard (D:4)
  4 adders
  4 worms
  5 orcs
  8 ball pythons
  8 endoplasms
  15 giant cockroaches
  6 goblins
  7 hobgoblins
  2 jackals (D:3)
  8 kobolds
  3 quokkas
  6 bats
  A frilled lizard (D:3)
  5 rats
87 creatures vanquished.

Notes
Turn   | Place    | Note
-------+----------+-------------------------------------------
     0 | D:1      | Miritol the Tengu Hunter began the quest for the Orb.
     0 | D:1      | Reached XP level 1. HP: 12/12 MP: 2/2
   113 | D:1      | Reached skill level 1 in Armour
   130 | D:1      | Reached XP level 2. HP: 17/17 MP: 3/3
   367 | D:1      | You fall into a shaft and drop 1 floor!
   463 | D:2      | Found Utwejugi's Jewellery Shop.
   480 | D:2      | Found a faded altar of an unknown god.
   526 | D:2      | Reached skill level 5 in Crossbows
   526 | D:2      | Reached XP level 3. HP: 21/21 MP: 4/4
   660 | D:2      | Found an opulent altar of Gozag.
  1138 | D:2      | Reached XP level 4. HP: 26/26 MP: 5/5
  1925 | D:3      | Found a runed translucent gate.
  1925 | D:3      | Found a runed translucent gate.
  1927 | D:3      | Found a runed translucent gate.
  1934 | D:3      | Noticed kMk's ghost (amateur OgNe)
  1970 | D:3      | Noticed Grinder
  2315 | D:3      | Found a snail-covered altar of Cheibriados.
  2315 | D:3      | Found an iron altar of Okawaru.
  2356 | D:3      | Became a worshipper of Warmaster Okawaru
  2854 | D:4      | Gained mutation: Your magical nature lets you fly swiftly
                  | and evasively. [Tengu growth]
  2854 | D:4      | Reached XP level 5. HP: 12/30 MP: 6/6
  3130 | D:4      | Reached skill level 6 in Crossbows
  3530 | D:4      | Reached XP level 6. HP: 31/35 MP: 7/7
  3964 | D:5      | Entered Level 5 of the Dungeon
  4474 | D:5      | Killed from afar by an orc priest

Illustrated notes

Levels and vault maps discovered:
D:1:      ebering_trefoil_twist, layout_basic, corexii_corridor_pit
D:2:      minmay_roachtagon, layout_basic, dreamdust_ecumenical_altar_statues,
          basic_altar, serial_shops, nicolae_shop_advertising_works
          [nicolae_subvault_shop_adworks]
D:3:      layout_rooms, jmf_multi_god_temple, gammafunk_ghost_necromancy,
          uniq_grinder
D:4:      layout_loops_ring
D:5:      layout_gridville

Skill      XL: |  1  2  3  4  5 |
---------------+----------------+-----
Armour         | 1 2 3 4 |  4.5
Crossbows      | 5 6 |  6.5
Fighting       | |  2.0
Dodging        | |  2.1
Stealth        | |  1.0

Action                   |  1- 3 |  4- 6 || total
-------------------------+-------+-------++-------
Melee: Short sword       |    16 |    41 ||    57
       Kick              |     7 |    11 ||    18
       Peck              |     2 |     6 ||     8
 Fire: Hand crossbow     |    62 |   105 ||   167
  Use: Scroll            |       |     2 ||     2
Armor: Leather armour    |     4 |     5 ||     9
       Ring mail         |       |     5 ||     5
Dodge: Dodged            |    16 |    47 ||    63

Table legend: (Time is in decaauts)
 A = Elapsed time spent in this place.
 B = Non-inter-level travel time spent in this place.
 C = Inter-level travel time spent in this place.
 D = Time resting spent in this place.
 E = Time spent auto-exploring this place.
 F = Levels seen in this place.
 G = Mean time per level.
                   A        B        C        D        E       F      G
               +--------+--------+--------+--------+--------+-----+--------+
         Total |   4435 |   4149 |    286 |    724 |   2840 |   5 |  887.0 |
       Dungeon |   4435 |   4149 |    286 |    724 |   2840 |   5 |  887.0 |
               +--------+--------+--------+--------+--------+-----+--------+

Top non-repeatable levels by time:
     D:2: 1160 daAuts
     D:3: 1019 daAuts
     D:4: 984 daAuts
     D:1: 777 daAuts
     D:5: 494 daAuts
